Map: 凯罗斯中转站-天梯版

Players

SpeCial - Winner!

  • Race: Terran Terran

MeomaikA

  • Race: Zerg Zerg
  • League: Bronze

Event: WESG 2018 Grand Finals

VOD

Have the link to the VOD?

Description

Time

  • Played on: March 11, 2019, 5:20 a.m.
  • Length: 8:39

All games in this series

Show
View Real Time Build Order
Export as new Build Order

SpeCial Terran - Winner!

Build Orders: Reaper Expand, Banshee Rush 

Get SALT Encoding   

  12  0:01  SCV  
  13  0:13  SCV  
  14  0:17  Supply Depot  
  14  0:25  SCV  
  15  0:39  SCV  
  15  0:40  Barracks  
  16  0:43  Refinery  
  16  0:51  SCV  
  17  1:03  SCV  
  18  1:15  SCV  
  19  1:28  Reaper, Orbital Command  
  20  1:40  Command Center  
  20  1:51  Supply Depot  
  20  1:54  SCV  
  20  2:00  Marine  
  22  2:05  Factory  
  22  2:10  SCV  
  23  2:17  Refinery  
  23  2:22  Barracks Reactor  
  23  2:25  SCV  
  24  2:38  SCV  
  25  2:50  SCV  
  26  2:51  Factory Tech Lab  
  26  2:55  Orbital Command  
  26  2:57  Bunker  
  26  3:00  Marine x2  
  26  3:03  SCV  
  29  3:06  Starport  
  29  3:15  SCV  
  29  3:17  Marine x2  
  32  3:23  SCV  
  33  3:28  SCV  
  33  3:30  Supply Depot  
  34  3:35  Marine, SCV  
  34  3:36  Marine  
  34  3:40  SCV  
  38  3:47  SCV  
  39  3:49  Banshee, Cloaking Field  
  39  3:52  SCV  
  39  3:53  Marine x2  
  39  3:54  Supply Depot  
  45  4:00  SCV  
  46  4:04  SCV  
  47  4:10  Factory Tech Lab  
  47  4:11  Marine x2  
  47  4:12  SCV  
  47  4:16  SCV  
  51  4:17  Supply Depot  
  51  4:24  Command Center  
  51  4:29  SCV x2  
  51  4:30  Siege Tank  
  56  4:34  Marine x2  
  56  4:35  Banshee  
  60  4:40  Supply Depot  
  60  4:44  SCV x2  
  62  4:53  Barracks x2  
  62  4:54  Marine  
  62  4:55  Marine  
  62  4:59  SCV x2  
  66  5:03  Supply Depot  
  66  5:04  Siege Tank  
  69  5:11  SCV x2  
  69  5:12  Refinery  
  69  5:13  Refinery  
  68  5:17  Engineering Bay  
  68  5:18  Engineering Bay  
  68  5:25  SCV x2  
  68  5:27  Starport Reactor  
  70  5:32  Marine  
  70  5:33  Stimpack  
  71  5:37  Orbital Command, SCV  
  71  5:41  Supply Depot  
  71  5:42  Siege Tank  
  75  5:47  SCV  
  75  5:49  Barracks Reactor  
  76  5:52  SCV  
  76  5:53  Marine  
  78  5:59  SCV  
  78  6:00  Marine  
  78  6:01  Marine  
  81  6:06  Terran Infantry Weapons Level 1  
  81  6:07  Terran Infantry Armor Level 1  
  81  6:11  Marine  
  81  6:13  Orbital Command  
  81  6:16  Medivac  
  84  6:20  Marine x2  
  84  6:23  Barracks x2  
  84  6:25  Marine x2  
  87  6:27  Medivac  
  87  6:28  SCV x2  
  87  6:29  Marine  
  92  6:37  Marine x2  
  79  6:43  Marine x2, SCV  
  74  6:47  Marine  
  74  6:50  SCV x2  
  77  6:55  Marine x2, SCV  
  77  6:56  Siege Tank  
  77  7:01  Marine x2  
  85  7:02  SCV x2  
  85  7:04  Supply Depot  
  85  7:05  Marine  
  85  7:07  SCV  
  89  7:13  Barracks Reactor x2, Marine x2  
  89  7:14  SCV x2  
  93  7:18  Marine  
  93  7:19  Medivac x2, Marine  
  93  7:20  SCV  
  93  7:22  Refinery  
  100  7:23  Marine, Supply Depot  
  100  7:24  Refinery  
  100  7:26  Supply Depot, SCV x2  
  103  7:30  Armory  
  103  7:31  Marine x2  
  103  7:32  SCV  
  103  7:36  Marine x2  
  108  7:40  Marine, Siege Tank  
  108  7:42  SCV  
  108  7:43  SCV  
  114  7:44  SCV  
  114  7:49  Medivac, Marine x2  
  119  7:51  Medivac  
  119  7:54  Marine x2, Supply Depot  
  119  7:55  SCV  
  119  7:57  Factory, Supply Depot  
  124  8:00  Marine x2  
  124  8:01  Marine  
  124  8:02  Marine x2  
  129  8:06  Marine  
  129  8:07  Marine  
  129  8:12  Marine x2  
  133  8:18  Marine x2  
  133  8:19  Marine x3  
  135  8:22  Sensor Tower  
Show
View Real Time Build Order
Export as new Build Order

MeomaikA Zerg 

Build Orders: Hatch First 

Get SALT Encoding   

  12  0:00  Drone  
  13  0:07  Drone  
  14  0:16  Overlord  
  14  0:20  Extractor  
  13  0:23  Drone  
  15  0:34  Drone x2  
  17  0:51  Hatchery  
  17  0:55  Drone  
  17  1:08  Spawning Pool  
  17  1:11  Drone  
  17  1:12  Extractor  
  17  1:15  Drone  
  17  1:20  Drone  
  18  1:26  Drone  
  19  1:37  Overlord  
  19  1:54  Queen  
  19  1:55  Zergling x2  
  19  1:58  Drone  
  23  2:04  Queen  
  23  2:05  Drone  
  26  2:09  Roach Warren  
  26  2:13  Drone  
  25  2:42  Extractor  
  22  2:46  Drone  
  22  2:47  Drone  
  22  2:49  Drone x4  
  28  2:58  Drone  
  30  2:59  Lair, Drone  
  30  3:02  Drone  
  30  3:03  Extractor  
  30  3:04  Drone  
  32  3:07  Drone  
  32  3:09  Drone  
  32  3:12  Drone  
  35  3:19  Drone  
  36  3:22  Overlord  
  36  3:26  Overlord  
  36  3:28  Overlord  
  36  3:35  Overlord  
  36  3:40  Drone, Extractor  
  36  3:41  Drone x4  
  40  3:42  Drone  
  41  3:49  Drone  
  41  3:53  Drone  
  43  4:01  Hydralisk Den, Drone x2  
  43  4:02  Drone x2  
  46  4:06  Overlord  
  46  4:07  Drone  
  46  4:08  Overlord  
  47  4:10  Drone  
  47  4:13  Drone  
  49  4:24  Nydus Network  
  48  4:34  Grooved Spines, Hydralisk x2  
  48  4:36  Hydralisk  
  48  4:38  Hatchery  
  54  4:40  Hydralisk  
  54  4:43  Hydralisk  
  58  4:47  Hydralisk  
  58  4:49  Hydralisk  
  62  4:53  Hydralisk  
  62  4:56  Hydralisk  
  62  4:58  Hydralisk  
  68  5:01  Overseer  
  68  5:03  Hydralisk  
  70  5:07  Hydralisk  
  70  5:11  Drone x3  
  70  5:13  Drone  
  76  5:17  Evolution Chamber  
  76  5:19  Drone  
  76  5:20  Overlord  
  76  5:22  Overlord  
  76  5:29  Overlord  
  76  5:32  Infestation Pit  
  75  5:38  Drone  
  75  5:39  Queen  
  75  5:41  Drone x3  
  81  5:43  Hydralisk, Extractor  
  81  5:47  Hydralisk  
  83  5:52  Zerg Missile Weapons Level 1  
  82  5:58  Drone x2  
  82  6:01  Hydralisk  
  83  6:06  Hydralisk  
  83  6:10  Drone x2  
  87  6:13  Drone x2  
  87  6:16  Drone  
  88  6:19  Hydralisk  
  88  6:21  Hydralisk  
  92  6:26  Muscular Augments  
  92  6:30  Drone x3  
  92  6:31  Extractor  
  80  6:40  Hydralisk  
  80  6:41  Hydralisk x2  
  80  6:42  Hydralisk  
  79  6:47  Zergling x6  
  79  6:49  Hydralisk  
  79  6:51  Zergling x2  
  82  6:54  Hydralisk  
  82  6:56  Zergling x2  
  82  6:59  Hydralisk  
  82  7:01  Hydralisk  
  87  7:04  Hydralisk  
  87  7:07  Hydralisk  
  93  7:11  Hydralisk  
  93  7:15  Hydralisk  
  97  7:20  Overlord  
  97  7:21  Overlord  
  97  7:31  Overlord x3  
  96  7:38  Hydralisk x3  
  96  7:43  Hydralisk  
  104  7:47  Hydralisk  
  104  7:49  Hydralisk  
  104  7:50  Hydralisk  
  110  7:53  Hydralisk  
  110  7:55  Hydralisk  
  114  8:05  Overlord  
  113  8:19  Overlord  
Tags
 
Add a new tag
Caveats
  • Supply blocks, unpowered buildings, or Contaminate may cause inaccurate times.
  • Supply counts are checked every 10 seconds.